 Dungeon Crawl Stone Soup version 0.30-a0-782-ge64f9170bb (webtiles) character file.

Game seed: 10845831235630592078

128 senseless the Cudgeller (level 4, -2/41 HPs)
             Began as a Minotaur Berserker on Mar 16, 2023.
             Was a Believer of Trog.
             Slain by an ogre
             ... wielding a +0 giant club
              (28 damage)
             ... on level 3 of the Dungeon.
             The game lasted 00:05:42 (1985 turns).

senseless the Cudgeller (Minotaur Berserker)        Turns: 1985, Time: 00:05:42

Health: -2/41      AC:  6    Str: 23    XL:     4   Next: 86%
Magic:  3/3        EV: 11    Int:  4    God:    Trog [**....]
Gold:   131        SH:  0    Dex: 10    Spells: 3/3 levels left

rFire   . . .      SeeInvis .    a - +0 mace
rCold   . . .      Faith    .    (no shield)
rNeg    . . .      Spirit   .    l - +0 ring mail
rPois   .          Reflect  .    (helmet restricted)
rElec   .          Harm     .    (no cloak)
rCorr   .          Rampage  .    c - +0 pair of gloves
Will    .....                    (no boots)
Stlth   +                        (no amulet)
HPRegen 0.26/turn                (no ring)
MPRegen 0.08/turn                (no ring)

@: on berserk cooldown, slowed, studying Hexes, very slow
A: horns 2, retaliatory headbutt
a: Renounce Religion, Berserk, Trog's Hand


You were on level 3 of the Dungeon.
You worshipped Trog.
Trog was pleased with you.
You visited 1 branch of the dungeon, and saw 3 of its levels.

You collected 131 gold pieces.

Inventory:

Hand Weapons
 a - a +0 mace (weapon)
 f - a +1 dagger of speed
Armour
 b - a +0 animal skin
 c - a +0 pair of gloves (worn)
 l - a +0 ring mail (worn)
Scrolls
 e - a scroll of identify
 j - 4 scrolls of teleportation
 n - a scroll of enchant armour {unknown}
Potions
 d - a potion of magic {unknown}
 g - a potion of lignification {unknown}
 h - 2 potions of berserk rage
 i - a potion of degeneration {unknown}
 k - 2 potions of mutation {unknown}
 m - a potion of haste {unknown}
 o - a potion of heal wounds {unknown}


   Skills:
 + Level 4.4 Fighting
 + Level 5.0 Maces & Flails
 + Level 3.3 Armour
 + Level 3.2 Dodging
 + Level 0.2 Stealth


You had 3 spell levels left.
You didn't know any spells.
Your spell library contained the following spells:

 Spells                   Type           Power      Damage    Failure   Level
 Sting                    Tmut/Pois      0%         1d3       65%         1
 Poisonous Vapours        Pois/Air       0%         N/A       80%         2
 Olgreb's Toxic Radiance  Pois           0%         N/A       100%        4


Dungeon Overview and Level Annotations

Branches:
Dungeon (3/15)

Altars:

Shops:
D:1 [   D:3 (

Annotations:
D:3 Sigmund


Innate Abilities, Weirdness & Mutations

You have a pair of horns on your head.
You reflexively headbutt those who attack you in melee.


Message History

The magic dart hits you.
You sock the bat!
You kill the bat!
Trog accepts your kill. Something hits you but does no damage.
You miss something. Your headbutt misses something. You miss something.
You hear some strange, mumbled words.
A magic dart appears from out of thin air!
The magic dart hits you.
You closely miss something. Something hits you but does no damage.
You hit something. Something hits you but does no damage.
You barely miss something. You miss something.
You are no longer berserk.
You are exhausted.
You feel yourself slow down. Something hits you but does no damage.
You barely miss something. Your headbutt misses something.
Something hits you but does no damage. Something hits you.
You hit something but do no damage.
Something hits you but does no damage. x2
You barely miss something. Your headbutt misses something. Something hits you.
You sock something!
You hear some strange, mumbled words.
Something tries to affect you, but you resist.
Something hits you but does no damage.
You hit something but do no damage. Something hits you.
You hear some strange, mumbled words.
A puff of flame appears from out of thin air!
The puff of flame hits you!
You barely miss something. Your headbutt misses something.
Something hits you but does no damage.
An ogre comes into view. It is wielding a +0 giant club.
Something hits you.
The ogre shouts!
You sock the ogre!
The ogre is heavily wounded.
Something hits you but does no damage.
The ogre hits you with a +0 giant club!!
Ouch! That really hurt!
You die...

# . .#. #. ###. ...
#. ... ..####
#..###.# #....##
.......###.....##
#...........##
##.#.........##
###O.#..........#
#.@.##.........>.
#{####..†...>..#
#.r####...).....#
................##
#...#####.........#
#.## #.........# #.
#.........# .
#.....<...#
#.........#


You could see an ogre and a rat.

Vanquished Creatures
  Robin (D:2)
  A gnoll (D:1)
  2 adders
  2 dart slugs (D:1)
  2 orcs (D:3)
  6 bats
  10 endoplasms
  A giant cockroach (D:1)
  17 goblins
  7 hobgoblins
  6 quokkas
  4 ball pythons
  4 frilled lizards
  6 kobolds
  5 rats
74 creatures vanquished.

Notes
Turn   | Place    | Note
-------+----------+-------------------------------------------
     0 | D:1      | senseless the Minotaur Berserker began the quest for the
                  | Orb.
     0 | D:1      | Reached XP level 1. HP: 19/19 MP: 0/0
    41 | D:1      | Found Edudgh's Antique Armour Emporium.
    44 | D:1      | Reached XP level 2. HP: 27/27 MP: 1/1
   350 | D:1      | Reached skill level 4 in Maces & Flails
   358 | D:1      | Reached ** piety under Trog
   359 | D:1      | Reached XP level 3. HP: 8/33 MP: 2/2
  1245 | D:2      | Noticed Robin
  1249 | D:2      | Reached XP level 4. HP: 40/40 MP: 3/3
  1257 | D:2      | Killed Robin
  1744 | D:3      | Noticed Sigmund
  1786 | D:3      | Found Borovvabb's Antique Weapon Boutique.
  1882 | D:3      | Reached skill level 5 in Maces & Flails
  1984 | D:3      | Noticed an ogre
  1985 | D:3      | Slain by an ogre

Illustrated notes

Levels and vault maps discovered:
D:1:      dpeg_arrival_shrine, layout_basic, serial_shops, nicolae_shop_stone,
          minmay_hexomino_c4
D:2:      layout_loops_ring, minmay_3d_cube, uniq_robin
D:3:      layout_rooms, tgw_xom, serial_shops, shop,
          chequers_serial_rivers_micro_a, uniq_sigmund

Skill      XL: |  1  2  3  4 |
---------------+-------------+-----
Fighting       | 4 |  4.4
Maces & Flails | 4 5 |  5.0
Armour         | 3 |  3.3
Dodging        | 3 |  3.2
Stealth        | |  0.2

Action                     |  1- 3 |  4- 6 || total
---------------------------+-------+-------++-------
  Melee: Mace              |    98 |    61 ||   159
         Headbutt          |    11 |     7 ||    18
         Punch             |     1 |       ||     1
 Invoke: Berserk           |     1 |     1 ||     2
    Use: Scroll            |     5 |       ||     5
   Stab: Sleeping          |     1 |       ||     1
 Armour: Animal skin       |    18 |       ||    18
         Ring mail         |     3 |    29 ||    32
  Dodge: Dodged            |    69 |    32 ||   101

Table legend: (Time is in decaauts)
 A = Elapsed time spent in this place.
 B = Non-inter-level travel time spent in this place.
 C = Inter-level travel time spent in this place.
 D = Time resting spent in this place.
 E = Time spent auto-exploring this place.
 F = Levels seen in this place.
 G = Mean time per level.
                   A        B        C        D        E       F      G
               +--------+--------+--------+--------+--------+-----+--------+
         Total |   2016 |   1873 |    143 |      0 |   1473 |   3 |  672.0 |
       Dungeon |   2016 |   1873 |    143 |      0 |   1473 |   3 |  672.0 |
               +--------+--------+--------+--------+--------+-----+--------+

Top non-repeatable levels by time:
     D:1: 1090 daAuts
     D:2: 794 daAuts
     D:3: 131 daAuts
